Map: 雷鸟-天梯版

Players

llllllllllll (Oliveira)

  • Race: Terran Terran
  • League: Master
  • Spawn Location: 5:00

llllllllllll (GuMiho) - Winner!

  • Race: Terran Terran
  • League: Master
  • Spawn Location: 11:00

Event: 2019 Assembly Summer

VOD

Have the link to the VOD?

Description

Time

  • Played on: Aug. 1, 2019, 11:48 a.m.
  • Length: 12:49

All games in this series

Show
View Real Time Build Order
Export as new Build Order

llllllllllll Terran 

Build Orders: Gas First Reaper Expand, Liberator Opening 

Get SALT Encoding   

  12  0:00  SCV  
  13  0:12  SCV  
  14  0:17  Supply Depot  
  14  0:25  SCV  
  15  0:29  Refinery  
  15  0:38  SCV  
  16  0:44  Barracks  
  16  0:50  SCV  
  17  1:03  SCV  
  18  1:15  SCV  
  19  1:31  Reaper, Orbital Command  
  20  1:43  Command Center  
  20  1:52  Factory  
  20  1:57  SCV  
  21  2:04  Supply Depot  
  21  2:07  Barracks Reactor  
  21  2:09  SCV  
  21  2:15  Refinery  
  22  2:21  SCV  
  23  2:33  SCV  
  24  2:42  Starport  
  24  2:46  Hellion  
  24  2:47  Hellion, SCV  
  24  2:50  Barracks Tech Lab  
  29  2:57  Orbital Command  
  29  2:59  SCV  
  30  3:08  Hellion x2  
  36  3:12  Marauder  
  36  3:20  Medivac  
  38  3:29  Hellion x2  
  38  3:31  Supply Depot  
  44  3:34  Marauder  
  44  3:36  Liberator, Concussive Shells  
  44  3:40  SCV  
  44  3:41  SCV  
  49  3:57  Hellion x2  
  49  3:58  SCV  
  49  4:01  Supply Depot  
  54  4:23  Supply Depot, Marauder, SCV x2  
  56  4:35  SCV  
  57  4:43  Command Center, SCV  
  58  4:46  Marine  
  58  4:47  Stimpack  
  58  4:48  SCV  
  60  4:55  SCV  
  60  4:56  Factory Reactor  
  59  5:00  SCV  
  59  5:04  Marine  
  59  5:07  SCV  
  59  5:09  Starport Tech Lab  
  59  5:12  Barracks  
  59  5:13  Barracks, SCV  
  61  5:16  Supply Depot  
  61  5:19  SCV  
  62  5:24  Engineering Bay x2  
  62  5:25  SCV  
  62  5:26  Refinery  
  62  5:27  Refinery  
  63  5:32  SCV  
  63  5:33  Marine  
  65  5:37  SCV  
  65  5:41  Starport Reactor  
  66  5:44  SCV  
  69  5:52  Missile Turret  
  69  5:53  Missile Turret  
  69  5:54  SCV  
  69  6:00  Terran Infantry Weapons Level 1  
  69  6:02  Cyclone, Marine  
  69  6:03  Marine x2  
  70  6:07  SCV  
  70  6:08  SCV  
  70  6:09  Marine  
  70  6:10  Marine  
  69  6:20  Marine x2, SCV  
  69  6:21  Marine, Orbital Command  
  69  6:22  Missile Turret  
  69  6:24  Medivac x2  
  73  6:25  SCV  
  73  6:27  Marine  
  73  6:29  Marine  
  73  6:32  SCV  
  77  6:36  Terran Infantry Armor Level 1  
  77  6:38  Siege Tank, SCV  
  81  6:40  Marine  
  81  6:42  Marine  
  81  6:44  Marine, SCV  
  79  6:56  Marine x2  
  79  6:57  Medivac x2  
  79  6:58  Marine, SCV  
  79  7:00  SCV x2  
  87  7:06  Marine  
  87  7:08  Marine, Combat Shield  
  89  7:10  SCV  
  89  7:12  SCV x2  
  89  7:14  Marine  
  93  7:15  Supply Depot  
  93  7:21  Supply Depot  
  93  7:22  Marine  
  93  7:23  Siege Tank  
  93  7:26  SCV x2  
  93  7:28  Marine  
  100  7:30  Marine  
  100  7:37  Marine, Barracks x2  
  101  7:38  Supply Depot, SCV  
  101  7:41  SCV  
  101  7:42  Marine, SCV  
  104  7:44  Viking  
  104  7:45  Viking  
  104  7:51  Marine, SCV  
  110  7:56  Marine x2  
  110  7:57  Siege Tank  
  115  8:01  Marine  
  115  8:03  Marine  
  87  8:08  Marine  
  84  8:13  SCV x3  
  84  8:16  Viking x2  
  84  8:17  Marine  
  84  8:18  Armory, Marine  
  93  8:21  Marine, Refinery  
  93  8:22  Refinery  
  93  8:25  SCV x2  
  97  8:28  Sensor Tower  
  97  8:31  Barracks Reactor  
  97  8:32  Barracks Reactor, SCV  
  97  8:35  Liberator  
  97  8:36  Command Center  
  97  8:38  SCV  
  97  8:39  Marine x2  
  97  8:40  SCV  
  97  8:41  Marine  
  102  8:43  Marine  
  102  8:46  Siege Tank  
  106  8:49  Viking  
  111  8:56  Marine  
  111  9:01  SCV x3  
  109  9:03  Marine  
  109  9:06  Marine  
  109  9:08  Marine  
  103  9:10  Marine  
  103  9:12  Terran Infantry Weapons Level 2, Terran Infantry Armor Level 2  
  103  9:13  SCV x2  
  103  9:16  Marine x3  
  109  9:17  Marine  
  109  9:18  Siege Tank  
  109  9:21  SCV  
  114  9:25  Factory, Marine, SCV  
  114  9:28  Medivac  
  118  9:38  Marine, Command Center  
  118  9:42  Marine, Medivac  
  118  9:43  Marine  
  123  9:46  Supply Depot  
  123  9:48  Supply Depot  
  123  9:50  Marine  
  124  9:53  Supply Depot  
  124  9:54  Marine  
  125  10:06  Terran Vehicle And Ship Armor Level 1  
  125  10:07  Marine x3  
  125  10:08  Siege Tank, SCV x2  
  125  10:10  Starport, SCV  
  125  10:11  Starport  
  125  10:13  Viking  
  136  10:15  Factory Tech Lab  
  136  10:17  Viking  
  136  10:19  Marine  
  139  10:23  Marine  
  139  10:24  Marine x3  
  144  10:30  Supply Depot  
  144  10:31  Supply Depot  
  144  10:32  Marine  
  144  10:33  Marine x2  
  144  10:34  Siege Tank  
  148  10:40  Marine  
  148  10:46  Starport Tech Lab  
  148  10:48  Starport Reactor  
  148  10:49  Viking  
  153  10:50  Siege Tank, Fusion Core  
  153  10:53  Viking  
  153  10:54  Supply Depot x2  
  153  10:56  SCV x2  
  157  10:57  Marine  
  157  11:01  Marine  
  157  11:02  Marine  
  160  11:05  Marine  
  160  11:08  SCV  
  160  11:09  Refinery  
  160  11:10  Planetary Fortress, Refinery  
  162  11:13  Sensor Tower  
  162  11:15  Marine  
  162  11:17  Siege Tank  
  166  11:20  Marine  
  166  11:21  Viking  
  169  11:26  Viking  
  169  11:29  Viking  
  169  11:32  Viking  
  175  11:35  Viking  
  177  11:47  Marine x2  
  177  11:49  Marine x2  
  181  12:00  Viking x2  
  182  12:02  Viking  
  182  12:04  Viking  
  182  12:07  Marine  
  187  12:21  Marine x2  
  192  12:27  Command Center  
  192  12:28  Command Center  
Show
View Real Time Build Order
Export as new Build Order

llllllllllll Terran - Winner!

Build Orders:  

Get SALT Encoding   

  12  0:00  SCV  
  13  0:12  SCV  
  14  0:17  Supply Depot  
  14  0:24  SCV  
  15  0:39  SCV  
  15  0:40  Barracks  
  16  0:51  SCV  
  17  1:03  SCV  
  18  1:12  Command Center  
  18  1:17  SCV  
  19  1:26  Marine  
  19  1:29  Orbital Command  
  20  1:36  Refinery  
  20  1:40  Refinery  
  20  1:46  Supply Depot  
  20  1:49  Marine  
  21  1:55  SCV  
  22  2:07  SCV  
  22  2:08  Marine  
  24  2:19  SCV  
  24  2:22  Factory  
  25  2:24  Orbital Command  
  25  2:27  Bunker  
  25  2:31  SCV  
  25  2:33  Barracks Reactor  
  26  2:43  SCV  
  27  2:50  SCV  
  28  2:55  SCV  
  29  3:02  SCV  
  30  3:06  Starport, Factory Tech Lab  
  30  3:07  SCV  
  30  3:11  Marine x2  
  33  3:19  Command Center  
  33  3:21  SCV x2  
  35  3:28  Cyclone  
  35  3:32  Marine x2  
  40  3:35  Supply Depot  
  40  3:37  SCV  
  40  3:40  SCV  
  42  3:42  Starport Tech Lab  
  42  3:49  SCV  
  42  3:50  Marine x2  
  42  3:52  SCV  
  46  3:57  Supply Depot  
  46  4:00  Siege Tank  
  49  4:02  Banshee  
  49  4:05  SCV  
  49  4:07  SCV  
  54  4:18  Marine x2  
  56  4:30  SCV x2  
  58  4:32  Siege Tank  
  60  4:47  SCV x2  
  60  4:51  Orbital Command  
  60  4:56  Barracks  
  60  4:57  Starport Reactor  
  60  4:58  Barracks  
  60  5:03  Marine  
  60  5:05  Stimpack  
  62  5:07  SCV x2  
  63  5:14  Orbital Command  
  63  5:21  Marine  
  63  5:22  Engineering Bay x2  
  63  5:23  SCV x2  
  69  5:29  Supply Depot  
  69  5:32  Supply Depot  
  69  5:34  Refinery  
  69  5:35  Refinery  
  69  5:37  Supply Depot  
  69  5:38  Supply Depot, SCV x2  
  69  5:40  Supply Depot  
  68  5:43  Orbital Command  
  68  5:47  Starport Reactor  
  68  5:50  SCV, Terran Infantry Armor Level 1, Terran Infantry Weapons Level 1  
  68  5:51  SCV  
  68  5:53  Marine  
  68  5:54  Marine  
  72  5:57  Barracks  
  72  5:59  Barracks  
  72  6:07  SCV x2  
  72  6:08  Marine  
  76  6:14  Siege Tank  
  76  6:17  Marine  
  76  6:18  Marine  
  78  6:19  SCV x2  
  78  6:24  SCV  
  78  6:26  Marine  
  78  6:28  Medivac  
  78  6:29  Marine x2  
  78  6:30  Supply Depot  
  78  6:31  SCV  
  78  6:32  Medivac  
  86  6:34  SCV  
  86  6:36  Refinery, SCV  
  86  6:38  Refinery  
  88  6:40  Marine x2  
  88  6:44  Armory, Marine, SCV  
  88  6:46  Marine, SCV  
  94  6:47  Marine  
  94  6:49  Supply Depot  
  94  6:51  Supply Depot  
  94  6:56  SCV x2  
  94  6:58  Marine x2, Barracks Reactor x2  
  95  7:01  Marine  
  95  7:04  Marine, Medivac  
  95  7:05  Marine, SCV  
  101  7:08  SCV  
  101  7:09  SCV  
  101  7:13  Supply Depot  
  101  7:14  Combat Shield  
  103  7:15  Marine  
  103  7:16  Marine  
  103  7:18  SCV  
  103  7:19  Marine  
  103  7:20  Supply Depot, SCV  
  103  7:21  SCV  
  103  7:22  Marine  
  110  7:27  Marine  
  110  7:29  Siege Tank  
  114  7:30  SCV  
  114  7:33  Marine x2  
  114  7:35  Marine  
  114  7:36  Marine x2  
  114  7:37  Marine x2  
  115  7:40  Marine  
  115  7:43  Command Center  
  119  7:44  SCV x2  
  119  7:45  Marine  
  119  7:46  SCV  
  122  7:51  Marine x2  
  122  7:53  Marine x2  
  122  7:54  Marine x2, Terran Infantry Weapons Level 2, Terran Infantry Armor Level 2  
  122  7:55  Marine  
  129  7:58  Marine  
  129  8:03  Marine  
  112  8:09  Marine x2  
  112  8:11  Marine x2  
  112  8:12  Marine, Siege Tank  
  112  8:13  Viking x2  
  112  8:17  SCV x3  
  119  8:21  Factory, Supply Depot  
  119  8:24  Marine  
  119  8:25  Supply Depot, Marine  
  119  8:26  Marine  
  122  8:27  Marine x2  
  122  8:28  Marine  
  122  8:31  Terran Vehicle Weapons Level 1, Supply Depot  
  122  8:33  SCV x2  
  127  8:36  Marine  
  127  8:37  Marine x2  
  130  8:42  Marine  
  130  8:43  Marine  
  130  8:44  Marine  
  130  8:46  Viking  
  135  8:49  Marine x2  
  135  8:54  Marine x2  
  129  9:05  Marine x3  
  129  9:08  Viking  
  129  9:09  Siege Tank  
  121  9:10  Factory Tech Lab, SCV x2  
  121  9:11  Planetary Fortress, SCV  
  121  9:14  Refinery  
  121  9:16  Viking  
  123  9:17  Refinery  
  123  9:21  Starport x2  
  123  9:24  SCV x3  
  126  9:26  Marine x5  
  126  9:27  Sensor Tower  
  126  9:28  Marine, Sensor Tower  
  126  9:29  Marine  
  126  9:31  Marine x2  
  133  9:34  Siege Tank  
  138  9:43  Medivac  
  140  9:46  Siege Tank, Medivac  
  144  9:53  SCV x2  
  144  9:54  Marine x6  
  144  9:55  Marine  
  144  9:57  Marine x2  
  154  10:01  Starport Tech Lab  
  154  10:02  Starport Reactor  
  154  10:03  Supply Depot  
  154  10:04  Fusion Core  
  154  10:06  Siege Tank  
  157  10:10  Supply Depot  
  157  10:11  Terran Infantry Weapons Level 3  
  156  10:25  Siege Tank  
  156  10:27  Viking  
  159  10:30  Viking  
  159  10:33  Marine x7  
  168  10:39  Terran Vehicle And Ship Armor Level 1  
  168  10:45  Liberator  
  168  10:46  Liberator  
  168  10:48  Liberator  
  168  10:50  Advanced Ballistics  
  168  10:53  Command Center  
  168  11:01  Liberator  
  168  11:03  Viking  
  176  11:10  Command Center  
  182  11:28  Command Center  
  182  11:36  Siege Tank x2  
  188  11:49  Command Center  
  188  11:51  Viking x2  
  188  11:52  Viking x2  
  180  12:17  Marine x2  
  180  12:19  Marine x7  
Tags
 
Add a new tag
Caveats
  • Supply blocks, unpowered buildings, or Contaminate may cause inaccurate times.
  • Supply counts are checked every 10 seconds.